 Dungeon Crawl Stone Soup version 0.19.1-1-g22dce08 (webtiles) character file.

16917 dngmouse the Warrior (level 12, -13/122 HPs)
             Began as a Hill Orc Fighter on Jan 14, 2017.
             Was a High Priest of Makhleb.
             Mangled by an orc warrior
             ... wielding a +0 trident
             ... led by an orc high priest
              (14 damage)
             ... on level 2 of the Orcish Mines.
             The game lasted 00:53:26 (10760 turns).

dngmouse the Warrior (Hill Orc Fighter)            Turns: 10760, Time: 00:53:27

Health: -13/122    AC: 19    Str: 24    XL:     12   Next: 42%
Magic:  0/15       EV:  4    Int:  8    God:    Makhleb [*****.]
Gold:   1160       SH:  9    Dex: 10    Spells: 0 memorised, 11 levels left

rFire  . . .     SeeInvis .     p - +0 war axe
rCold  . . .     Gourm    .     T - +1 plate armour
rNeg   . . .     Faith    .     c - +0 shield
rPois  +         Spirit   +     (helmet restricted)
rElec  .         Reflect  .     B - +2 cloak
rCorr  .         Harm     .     (no gloves)
MR     ++...                    (no boots)
Stlth  ..........               M - amulet of guardian spirit
                                w - +2 ring of protection
                                u - ring of protection from magic

@: no status effects
A: horns 1, magic resistance 1, poison resistance, MP-powered wands
a: Minor Destruction, Lesser Servant of Makhleb, Major Destruction, Greater
Servant of Makhleb, Renounce Religion


You were on level 2 of the Orcish Mines.
You worshipped Makhleb.
Makhleb was extremely pleased with you.
You were hungry.

You visited 3 branches of the dungeon, and saw 15 of its levels.
You also visited: Ice Cave.

You collected 1160 gold pieces.

Inventory:

Hand Weapons
 a - a +1 war axe of chaos
 k - a +2 flail of protection
 p - a +0 war axe (weapon)
 R - a cursed -3 flail
Missiles
 o - 11 tomahawks (quivered)
 N - a throwing net
 S - 5 tomahawks of returning
 U - 6 steel javelins
Armour
 c - a +0 shield (worn)
 B - a +2 cloak (worn)
 T - a +1 plate armour (worn)
Jewellery
 u - a ring of protection from magic (left hand)
 w - a +2 ring of protection (right hand)
 A - an uncursed ring of protection from cold
 F - an uncursed ring of resist corrosion
 L - an uncursed ring of ice
 M - an amulet of guardian spirit (around neck)
Wands
 e - a wand of confusion (32/48)
 v - a wand of enslavement (3/24)
 C - a wand of slowing (34/48)
 H - a wand of polymorph (11/24)
 J - a wand of iceblast (6/15)
 K - a wand of slowing (22/48)
 P - a wand of lightning (4/15)
Scrolls
 j - 2 scrolls of amnesia
 l - 3 scrolls of random uselessness
 m - 8 scrolls of identify
 s - 2 scrolls of blinking
 t - 3 scrolls of remove curse
 x - a scroll of enchant armour
 y - 2 scrolls of recharging
 E - 4 scrolls of teleportation
 Q - a scroll of enchant weapon
Potions
 d - 4 potions of might
 n - a potion of cure mutation
 q - 2 potions of haste
 r - a potion of agility
 O - 7 potions of brilliance
Books
 i - a book of Party Tricks

   Spells                             Type                      Level
   a - Summon Butterflies             Summoning                    1
   b - Apportation                    Translocation                1
   c - Lesser Beckoning               Translocation                3
   d - Tukima's Dance                 Hexes                        3
   e - Alistair's Intoxication        Transmutation/Poison         5
   f - Invisibility                   Hexes                        6
Comestibles
 b - 4 meat rations
 f - 15 bread rations
 g - 3 slices of pizza
 h - 3 chunks of flesh
 z - a beef jerky
 D - 9 fruits
 I - a royal jelly


   Skills:
 * Level 16.1 Fighting
 - Level 15.1 Axes
 * Level 6.9 Armour
 - Level 3.2 Shields
 + Level 4.6 Invocations
 + Level 3.5 Evocations


You had 11 spell levels left.
You didn't know any spells.

Dungeon Overview and Level Annotations

Branches:
Dungeon (12/15)            Temple (1/1) D:7            Lair (0/6) D:9
    Orc (2/2) D:9
    Elf: Orc:2

Altars:
Ashenzari
Cheibriados
Dithmenos
Elyvilon
Fedhas
Gozag
Hepliaklqana
Kikubaaqudgha
Makhleb
Nemelex Xobeh
Okawaru
Qazlal
Ru
Sif Muna
Trog
Uskayaw
Vehumet
Xom
Yredelemnul
Zin
The Shining One

Shops:
D:8 [

Annotations:
D:6 exclusion: downstairs
Orc:2 Donald


Innate Abilities, Weirdness & Mutations

You have a pair of small horns on your head.
You are resistant to hostile enchantments. (MR+)
Your system is resistant to poisons. (rPois)
You expend magic power (3 MP) to strengthen your wands.


Message History

Donald no longer looks unusually strong.
Donald gestures wildly while chanting.
Donald seems to grow stronger.
Donald hits your ynoxinul with a long sword of protection!
Your ynoxinul dies!
A demon appears!
The orc warrior hits you from afar with a trident.
* * * LOW HITPOINT WARNING * * *
Donald casts a spell.
The orc warrior hits you but does no damage.
Your orange demon stings the orc warrior but does no damage.
Your orange demon stings the orc warrior but does no damage.
Your orange demon hits the orc warrior but does no damage.
Okay, then.
Okay, then.
A demon appears!
Donald is no longer moving quickly.
Donald says, "Orcs complain a lot, don't they?
I hate it."
Donald hits you with a long sword of protection.
The orc warrior hits you from afar with a trident!
You die...

########## ##...#...#### #
............###.#####
.....#...........##.##
................##...####
..............####..##..##
..........#.###.#...#....#
........o.####.@@.4.##..##
..........)##.o.........#
.#.........).))4..#.#..##
..#........).....#.....#
.#.....................#
.......................##
........................#
.....#..........<......##
......................#.#


You could see Donald, an orc warrior, a friendly orange demon and a friendly
hellwing.

Vanquished Creatures
  A hill giant (D:11)
  A deep elf mage (D:9)
  An orc sorcerer (Orc:1)
  3 ugly things
  3 manticores
  A cyclops (Orc:1)
  An ice statue (IceCv)
  Psyche (D:9)
  A rime drake (Orc:1)
  A kobold demonologist (D:11)
  2 two-headed ogres
  2 trolls
  3 polar bears (Orc:1)
  A meliai zombie (D:11)
  2 hippogriffs (D:8)
  A spriggan (D:7)
  A wyvern (D:9)
  A wraith (D:10)
  9 yaks
  2 basilisks
  A hungry ghost (D:8)
  A basilisk (shapeshifter) (D:11)
  A warg (Orc:1)
  9 orc warriors
  A sky beast (D:10)
  10 ice beasts
  An eye of draining (D:11)
  7 ogres
  A phantom (D:5)
  2 wolves (Orc:1)
  2 centaurs
  5 big kobolds
  10 bullfrogs
  9 scorpions
  12 killer bees
  A howler monkey (D:8)
  5 crimson imps
  2 bullfrog zombies
  2 hounds
  7 orc priests
  A bullfrog skeleton (D:5)
  A centaur skeleton (D:8)
  5 jellies
  4 iguanas
  8 worker ants
  17 orc wizards
  A hound zombie (D:7)
  A worker ant zombie (D:8)
  4 gnolls (D:8)
  A howler monkey skeleton (D:11)
  15 adders
  3 shadow imps
  An ooze (D:6)
  An adder skeleton (D:5)
  2 worms
  2 dart slugs
  4 leopard geckos
  54 orcs
  8 bats
  7 giant cockroaches
  7 goblins
  7 hobgoblins
  18 jackals
  9 quokkas
  A ball python (D:2)
  12 frilled lizards
  12 kobolds
  A quokka skeleton (D:4)
  9 rats
  A fungus (D:7)
344 creatures vanquished.

Vanquished Creatures (collateral kills)
  An ice statue (IceCv)
  A yaktaur (D:12)
  A vampire mosquito (D:12)
  A soldier ant (D:12)
4 creatures vanquished.

Vanquished Creatures (others)
  A kobold demonologist (D:11)
  A hound skeleton (D:11)
  A fungus (D:7)
3 creatures vanquished.

Grand Total: 351 creatures vanquished

Notes
Turn   | Place    | Note
-------+----------+-------------------------------------------
     0 | D:1      | dngmouse the Hill Orc Fighter began the quest for the Orb.
     0 | D:1      | Reached XP level 1. HP: 19/19 MP: 1/1
    97 | D:1      | Reached XP level 2. HP: 26/27 MP: 2/2
   103 | D:1      | Reached skill level 4 in Fighting
   302 | D:1      | Reached XP level 3. HP: 29/33 MP: 3/3
   689 | D:2      | Found a hazy altar of Hepliaklqana.
  1092 | D:2      | Reached XP level 4. HP: 28/41 MP: 4/4
  1393 | D:3      | Reached skill level 5 in Axes
  1433 | D:3      | Reached skill level 5 in Fighting
  1691 | D:3      | Reached XP level 5. HP: 42/48 MP: 5/5
  1835 | D:3      | Found a faded altar of an unknown god.
  2561 | D:5      | Entered Level 5 of the Dungeon
  2734 | D:5      | Reached XP level 6. HP: 37/56 MP: 6/6
  2806 | D:5      | Found a blossoming altar of Fedhas.
  2917 | D:5      | Noticed a phantom
  2945 | D:5      | Killed a phantom
  3295 | D:6      | Reached XP level 7. HP: 58/61 MP: 7/7
  3307 | D:6      | Found a radiant altar of Vehumet.
  3613 | D:6      | Reached skill level 10 in Axes
  3849 | D:6      | Reached XP level 8. HP: 13/68 MP: 8/8
  4219 | D:7      | Found a staircase to the Ecumenical Temple.
  4257 | Temple   | Entered the Ecumenical Temple
  4553 | Temple   | Became a worshipper of Makhleb the Destroyer
  4938 | D:7      | Noticed a spriggan baker
  4942 | D:7      | Killed a spriggan baker
  4987 | D:7      | Gained mutation: Your system is resistant to poisons. (rPois) [potion of beneficial mutation]
  4988 | D:7      | Gained mutation: You expend magic power (3 MP) to strengthen your wands. [potion of mutation]
  4988 | D:7      | Gained mutation: You are resistant to hostile enchantments. (MR+) [potion of mutation]
  4988 | D:7      | Gained mutation: You have a pair of small horns on your head. [potion of mutation]
  5100 | D:7      | Reached XP level 9. HP: 74/74 MP: 9/9
  5427 | D:7      | Reached * piety under Makhleb
  5649 | D:8      | Found a sparkling altar of Nemelex Xobeh.
  5650 | D:8      | Found an opulent altar of Gozag.
  5663 | D:8      | Reached skill level 15 in Axes
  5723 | D:8      | Reached skill level 6 in Fighting
  6041 | D:8      | You fall through a shaft for 3 floors!
  6041 | D:11     | Noticed a manticore
  6052 | D:11     | Killed a manticore
  6052 | D:11     | Reached skill level 7 in Fighting
  6176 | D:11     | Reached skill level 8 in Fighting
  6188 | D:10     | Entered Level 10 of the Dungeon
  6226 | D:10     | Reached XP level 10. HP: 90/90 MP: 10/10
  6236 | D:10     | Reached skill level 9 in Fighting
  6405 | D:10     | Reached ** piety under Makhleb
  6738 | D:10     | Reached skill level 10 in Fighting
  7049 | D:9      | Found a staircase to the Orcish Mines.
  7169 | D:8      | Found Zoruwkiu's Armour Shoppe.
  7253 | D:8      | Reached skill level 11 in Fighting
  7468 | D:8      | Found a faded altar of an unknown god.
  7468 | D:8      | Found a faded altar of an unknown god.
  7480 | D:8      | Found a faded altar of an unknown god.
  7482 | D:8      | Found a shadowy altar of Dithmenos.
  7484 | D:8      | Found a faded altar of an unknown god.
  7724 | D:9      | Reached skill level 12 in Fighting
  7739 | D:9      | Reached *** piety under Makhleb
  7749 | D:9      | Found a staircase to the Lair.
  7838 | D:9      | Noticed a deep elf mage
  7857 | D:9      | Killed a deep elf mage
  7876 | D:9      | Noticed Psyche
  7886 | D:9      | Killed Psyche
  7886 | D:9      | Reached skill level 13 in Fighting
  7886 | D:9      | Reached XP level 11. HP: 107/107 MP: 11/11
  8562 | D:11     | Reached skill level 14 in Fighting
  8778 | D:11     | Noticed a hill giant
  8803 | D:11     | Killed a hill giant
  8839 | D:11     | Noticed a purple ugly thing
  8859 | D:11     | Killed a purple ugly thing
  8859 | D:11     | Reached **** piety under Makhleb
  8988 | D:11     | Reached skill level 15 in Fighting
  9250 | D:11     | Reached skill level 1 in Invocations
  9251 | D:11     | Reached skill level 1 in Evocations
  9262 | D:11     | Noticed a manticore
  9271 | D:11     | Killed a manticore
  9476 | D:12     | Noticed a manticore
  9502 | D:12     | Killed a manticore
  9632 | Orc:1    | Entered Level 1 of the Orcish Mines
  9676 | Orc:1    | Noticed a cyclops
  9694 | Orc:1    | Killed a cyclops
  9822 | Orc:1    | Found a frozen archway.
  9848 | Orc:1    | Reached skill level 5 in Armour
  9867 | Orc:1    | Reached XP level 12. HP: 92/121 MP: 6/14
  9900 | IceCv    | Entered an ice cave
 10082 | Orc:1    | Reached ***** piety under Makhleb
 10089 | Orc:1    | Reached skill level 16 in Fighting
 10384 | Orc:2    | Entered Level 2 of the Orcish Mines
 10714 | Orc:2    | Noticed Donald
 10757 | Orc:2    | HP: 4/122 [orc warrior/trident[an orc high priest] (5)]
 10760 | Orc:2    | Mangled by an orc warrior

Skill      XL: |  1  2  3  4  5  6  7  8  9 10 11 12 |
---------------+-------------------------------------+-----
Axes           | 3 4 5 7 9 11 13 15 | 15.1
Fighting       | 4 5 8 13 15 16 | 16.1
Invocations    | 3 4 |  4.6
Evocations     | 2 3 |  3.5
Armour         | 5 6 |  6.9
Shields        | |  3.2

Action                   |  1- 3 |  4- 6 |  7- 9 | 10-12 || total
-------------------------+-------+-------+-------+-------++-------
Melee: War axe           |   170 |   242 |   309 |   631 ||  1352
       Headbutt          |       |       |    26 |   117 ||   143
Throw: Tomahawk          |       |       |       |     2 ||     2
Invok: Lesser Servant of |       |       |       |     4 ||     4
Evoke: Wand              |       |       |       |     3 ||     3
  Use: Potion            |       |       |    15 |     8 ||    23
       Scroll            |       |       |    13 |     1 ||    14
 Stab: Invisible         |       |       |       |     8 ||     8
       Distracted        |       |       |       |     1 ||     1
  Eat: Chunk             |     1 |     8 |     9 |    17 ||    35
Armor: Scale mail        |    14 |       |       |       ||    14
       Chain mail        |    94 |   139 |     6 |       ||   239
       Plate armour      |       |       |   197 |   302 ||   499
Dodge: Dodged            |    49 |    50 |    50 |    97 ||   246
Block: Shield            |   100 |   103 |   151 |   260 ||   614
